 Dungeon Crawl Stone Soup version 0.20-a0-502-g555d78b (webtiles) character file.

431844 nono the Slingshot (level 25, -2/169 HPs)
             Began as a Halfling Berserker on Jan 19, 2017.
             Was the Champion of Trog.
             Killed by divine providence
             ... invoked by a deep elf high priest
              (17 damage)
             ... on level 3 of the Elven Halls on Jan 20, 2017.
             The game lasted 05:08:08 (56300 turns).

nono the Slingshot (Halfling Berserker)            Turns: 56300, Time: 05:08:09

Health: -2/169     AC: 21    Str: 29    XL:     25   Next: 9%
Magic:  23/23      EV: 36    Int:  5    God:    Trog [******]
Gold:   670        SH: 17    Dex: 18    Spells: 24/24 levels left

rFire    + . .     SeeInvis .   b - +7 demon blade (elec)
rCold    + . .     Gourm    .   R - +6 scale mail of Eternity {rF+ rN+ Str+3}
rNeg     + + .     Faith    .   p - +0 shield
rPois    .         Spirit   .   (helmet restricted)
rElec    .         Reflect  .   i - +2 cloak
rCorr    .         Harm     .   V - +0 pair of gloves "Humiudgha" {rN+}
MR       +....                  v - +1 pair of boots
Stlth    ++........             G - amulet of regeneration
Regen    0.8/turn               f - ring of Shaolin {EV+8}
                                O - ring of protection from cold

@: silence, corroded, very slightly contaminated, hasted, invisible, very quick
A: antennae 1, mutation resistance 1
}: 2/15 runes: barnacled, gossamer
a: Renounce Religion


You were on level 3 of the Elven Halls.
You worshipped Trog.
Trog was exalted by your worship.
You were hungry.

You visited 8 branches of the dungeon, and saw 41 of its levels.
You also visited: Labyrinth, Sewer, Bailey, Ice Cave and Wizlab.

You collected 5513 gold pieces.
You spent 4843 gold pieces at shops.

Inventory:

Hand Weapons
 a - a +4 fustibalus of velocity
 b - a +7 demon blade of electrocution (weapon)
 K - a +3 scimitar of holy wrath
Missiles
 h - 641 sling bullets
Armour
 i - a +2 cloak (worn)
 p - a +0 shield (worn)
 q - a +2 plate armour of poison resistance
 v - a +1 pair of boots (worn)
 R - the +6 scale mail of Eternity (worn) {rF+ rN+ Str+3}
   (You bought it in a shop on level 2 of the Orcish Mines)

   It affects your strength (+3).
   It protects you from fire.
   It protects you from negative energy.
 V - the +0 pair of gloves "Humiudgha" (worn) {rN+}
   (You found it in a labyrinth)

   It protects you from negative energy.
 Y - the +7 plate armour "Wyleamel" {Regen+ Str+3 Slay+3}
   (You found it on level 4 of the Spider Nest)

   It affects your strength (+3).
   It affects your accuracy and damage with ranged weapons and melee attacks
   (+3).
   It increases your rate of regeneration.
Jewellery
 f - the ring of Shaolin (right hand) {EV+8}
   (You bought it in a shop on level 10 of the Dungeon)

   [ring of evasion]

   It affects your evasion (+8).
 g - an uncursed ring of protection from cold
 u - the ring of Royalty {MR+ Str+2 Stlth+}
   (You bought it in a shop on level 3 of the Elven Halls)

   [ring of strength]

   It affects your strength (+2).
   It affects your resistance to hostile enchantments.
   It makes you more stealthy.
 w - an uncursed ring of see invisible
 x - an uncursed ring of resist corrosion
 G - an amulet of regeneration (around neck)
 J - the amulet of Fedhas's Delight {Inacc *Corrode rPois Int+4 Dex+6}
   (You found it on level 3 of the Crypt)

   [amulet of inaccuracy]

   It reduces the accuracy of all your attacks.
   It affects your intelligence (+4).
   It affects your dexterity (+6).
   It protects you from poison.
   It may corrode you when you take damage.
 O - a ring of protection from cold (left hand)
 S - an uncursed ring of fire
 T - an uncursed ring of flight
 U - an uncursed ring of positive energy
Wands
 F - a wand of digging (9/24)
 H - a wand of lightning (6/15)
 X - a wand of scattershot (5/9)
Scrolls
 e - 14 scrolls of remove curse
 j - 14 scrolls of enchant armour
 k - 6 scrolls of recharging
 l - 5 scrolls of identify
 s - 6 scrolls of fear
 y - 3 scrolls of blinking
 z - 5 scrolls of fog
 E - 11 scrolls of teleportation
 L - 3 scrolls of silence
 N - a scroll of acquirement
Potions
 n - 3 potions of berserk rage
 o - a potion of agility
 r - a potion of magic
 t - 13 potions of curing
 A - 2 potions of cancellation
 B - 5 potions of flight
 C - 9 potions of might
 D - 5 potions of heal wounds
 I - 4 potions of invisibility
 P - 2 potions of resistance
 Q - 2 potions of cure mutation
 W - 3 potions of haste
Miscellaneous
 M - a phial of floods (inert)
Comestibles
 c - 24 bread rations
 d - 8 beef jerkies
 m - 20 meat rations
 Z - 3 fruits


   Skills:
 - Level 13.1 Fighting
 + Level 18.2 Long Blades
 + Level 21.1 Slings
 + Level 18.2 Armour
 + Level 18.4 Dodging
 - Level 10.5 Stealth
 + Level 19.3 Shields


You had 24 spell levels left.
You didn't know any spells.

Dungeon Overview and Level Annotations

Branches:
Dungeon (15/15)            Temple (0/1) D:6            Lair (6/6) D:9
 Shoals (4/4) Lair:3       Spider (4/4) Lair:4        Slime (0/5) Lair:5
    Orc (2/2) D:9             Elf (3/3) Orc:2        Vaults (4/5) D:13
  Crypt (3/3) Vaults:2       Tomb (0/3) Crypt:3
 Depths: D:15

Altars:
Dithmenos
Gozag
Hepliaklqana
Sif Muna
Trog
Uskayaw
Vehumet
Xom
Yredelemnul
Zin
Jiyva

Shops:
D:10 =   Orc:2 }(!:?**(}   Elf:3 !*?:

Portals:
Pandemonium: Orc:2

Annotations:
D:12 exclusion: oklob plant
Lair:1 exclusion: oklob plant


Innate Abilities, Weirdness & Mutations

You are small and have problems with some larger weapons.
You are somewhat resistant to further mutation.
You have a pair of small antennae on your head.


Message History

The bolt of acid hits your water elemental.
Your water elemental is splashed with acid.
The acid corrodes your water elemental! The bolt of acid hits you!
* * * LOW HITPOINT WARNING * * *
You are splashed with acid!
The acid burns!
* * * LOW HITPOINT WARNING * * *
Your water elemental misses the deep elf sorcerer.
You feel much better.
The deep elf sorcerer casts a spell at you.
The bolt of acid hits your water elemental.
Your water elemental is splashed with acid.
The acid corrodes your water elemental!
Your water elemental is destroyed!
The bolt of acid hits you!
* * * LOW HITPOINT WARNING * * *
The acid corrodes you!
You are splashed with acid!
The acid burns!
* * * LOW HITPOINT WARNING * * *
The deep elf high priest mumbles some strange prayers to its god against you.
Something smites you!
You die...

....+.<.# #..#.....#.##
....###.# #..)e.......#
...## #.#
##))(##.###### ..## #.#
#.x)x.# )## #.# ####
#...(e# '######.#
##..## #e.e.##
.##.....#
##....#####e##
.##.#)..###......##≈e≈#
......)..)).((..@.e≈≈≈#
.)#(..#..##)......)e..#
))(.....###..........##
###(#..## #..........#
#....# ##....####.#
##...#**#......###.#
#......'.......##.#
####
####+#####.......##.#
##..## ##.....##
#.......##.# ##....#


You could see 2 deep elf blademasters, a deep elf sorcerer and a deep elf high
priest.

Vanquished Creatures
  Bai Suzhen (Spider:3)
  A bone dragon (Crypt:3)
  Jory (Vaults:3)
  Nikola (Spider:1)
  A profane servitor (Crypt:3)
  Arachne (Spider:2)
  Jorgrun (Spider:2)
  A lich (Crypt:3)
  Rupert (D:14)
  A deep elf master archer (Elf:3)
  A deep elf blademaster (Elf:2)
  2 sphinxes
  A kraken (Shoals:2)
  An ancient champion (Crypt:3)
  Agnes (Spider:2)
  Donald (Shoals:1)
  Ilsuiw (Shoals:4)
  A fire giant (Vaults:4)
  A deep elf sorcerer (Elf:3)
  A ghost moth (Spider:4)
  6 vault wardens
  Louise (Spider:2)
  Aizul (Shoals:3)
  A frost giant (Vaults:4)
  2 deep elf elementalists (Elf:3)
  An orc warlord (Orc:1)
  7 emperor scorpions
  6 very ugly things (Vaults:3)
  11 ironheart preservers
  11 ghouls
  4 entropy weavers
  5 stone giants
  2 deep elf demonologists
  Azrael (Orc:2)
  A minotaur (Lab)
  2 blizzard demons (IceCv)
  5 eidola (Crypt:3)
  3 merfolk javelineers
  A crystal guardian (Vaults:3)
  A quicksilver dragon zombie (Crypt:3)
  5 ettins
  3 deep elf death magi
  10 merfolk impalers
  2 fire dragons
  A jiangshi (Crypt:2)
  9 yaktaur captains
  A mummy priest (Crypt:3)
  A deep elf high priest (Elf:3)
  Harold (Lair:2)
  The ghost of kidcy the Cruncher, a journeyman FoFi of Ashenzari (D:15)
  2 ice dragons (Vaults:2)
  8 hydras
  A catoblepas (D:14)
  2 rakshasas
  2 great orbs of eyes
  13 centaur warriors
  An alligator snapping turtle (Shoals:1)
  8 vault guards
  The ghost of Yoshimo the Impaler, a journeyman MfSu of Qazlal (D:12)
  2 merfolk avatars (Shoals:4)
  Erica (D:11)
  7 merfolk aquamancers
  11 ogre magi
  A satyr (Shoals:2)
  27 dancing weapons
  A two-headed ogre (shapeshifter) (Elf:1)
  47 two-headed ogres
  4 deep troll shamans (Vaults:4)
  5 death knights
  A small abomination (Elf:2)
  5 death yaks (Lair:6)
  A deep troll earth mage (Vaults:4)
  A titan zombie (Crypt:3)
  4 orc high priests
  A soul eater (Orc:2)
  30 deep elf knights
  A storm dragon zombie (Crypt:3)
  Nergalle (Lair:2)
  25 skeletal warriors
  A sixfirhy (Orc:2)
  3 shadow wraiths
  A glowing orange brain (Vaults:4)
  2 unseen horrors
  2 unseen horrors (shapeshifter)
  2 anaconda zombies (Crypt:3)
  10 deep trolls
  10 sea snakes
  25 deep elf archers
  3 infernal demonspawn (Orc:2)
  A torturous demonspawn (Orc:2)
  5 flayed ghosts
  A kraken simulacrum (Shoals:4)
  10 harpies
  7 wizards
  3 necromancers
  The ghost of bworf the Chopper, a novice HOGl (Bailey)
  9 phantasmal warriors (Crypt:3)
  A shadow dragon zombie (Crypt:3)
  A frost giant zombie (Crypt:3)
  A stone giant zombie (Crypt:3)
  42 ugly things
  66 deep elf magi
  17 orb spiders
  17 orc knights
  9 ironbrand convokers
  31 wolf spiders
  10 orc sorcerers
  10 manticores
  A fire giant zombie (Crypt:3)
  A tengu skeleton (Vaults:2)
  12 cyclopes
  19 fauns
  A frost giant skeleton (Vaults:2)
  A guardian serpent (shapeshifter) (Vaults:2)
  14 merfolk sirens
  14 elephants
  4 black mambas
  6 water nymphs
  A stone giant skeleton (Vaults:2)
  29 spiny frogs
  A gargoyle (D:13)
  10 vault sentinels
  2 orange demons (Orc:2)
  A torpor snail (Lair:5)
  A rime drake (shapeshifter) (Vaults:2)
  A kobold demonologist (D:15)
  29 yaktaurs
  13 freezing wraiths
  10 demonic crawlers
  4 komodo dragons
  7 ice devils
  A yaktaur skeleton (Vaults:2)
  2 red devils (Orc:2)
  5 anaconda simulacra (IceCv)
  2 golden dragon simulacra (IceCv)
  A polar bear (shapeshifter) (Vaults:3)
  2 guardian mummies (Crypt:3)
  A tengu conjurer (D:14)
  5 tyrant leeches
  34 merfolk
  A meliai (shapeshifter) (Vaults:2)
  A polar bear (D:13)
  38 jumping spiders
  A queen bee (shapeshifter) (Vaults:2)
  A hornet (shapeshifter) (Vaults:2)
  7 hornets
  8 trolls
  16 slime creatures
  Prince Ribbit (D:7)
  A wolf spider simulacrum (IceCv)
  2 wind drakes (Shoals:4)
  13 snapping turtles
  A blink frog (shapeshifter) (Vaults:2)
  A stone giant simulacrum (Vaults:3)
  25 blink frogs
  3 centaur simulacra
  8 air elementals
  18 hippogriffs
  2 shadows
  73 redbacks
  An ettin skeleton (Vaults:2)
  6 fire elementals
  21 humans
  43 tarantellas
  A black mamba zombie (Crypt:3)
  A fire bat (shapeshifter) (Elf:2)
  5 wraiths
  8 wyverns
  20 water elementals
  49 yaks
  An ushabti (Crypt:3)
  2 dire elephant simulacra (IceCv)
  7 basilisks
  A death yak simulacrum (IceCv)
  2 yaks (shapeshifter)
  A hungry ghost (D:7)
  A basilisk (shapeshifter) (Vaults:1)
  3 hogs (D:8)
  10 vampire mosquitoes
  A human simulacrum (Vaults:1)
  3 acid dragons
  10 wargs
  2 harpy simulacra (IceCv)
  A spiny frog zombie (Crypt:3)
  A naga (shapeshifter) (Vaults:1)
  3 iron troll simulacra (IceCv)
  A swamp worm (shapeshifter) (Elf:3)
  2 hell hounds (Orc:2)
  The ghost of Yoshimo the Conjurer, an amateur TeAE (D:3)
  12 water moccasins
  12 porcupines
  5 sky beasts
  A hornet zombie (D:8)
  A swamp dragon zombie (Crypt:3)
  5 ice beasts
  67 orc warriors
  31 ogres
  3 phantoms
  2 eyes of draining
  2 black bears
  An ettin simulacrum (IceCv)
  A snapping turtle zombie (Crypt:3)
  15 necrophages
  A wolf (shapeshifter) (Elf:2)
  6 boggarts
  23 wolves
  An orc skeleton (Vaults:2)
  21 centaurs
  21 crocodiles
  6 human skeletons (Vaults:2)
  31 bullfrogs
  A gnoll sergeant (D:8)
  4 earth elementals
  A deep troll simulacrum (Vaults:3)
  A wyvern zombie (D:9)
  5 scorpions
  A spriggan zombie (Crypt:3)
  An orc simulacrum (Vaults:2)
  9 wyvern skeletons
  An elephant simulacrum (IceCv)
  12 killer bees
  A raiju skeleton (Crypt:2)
  10 wights
  4 electric eels
  4 howler monkeys
  11 crimson imps
  3 centaur zombies
  A bullfrog zombie (D:5)
  A quasit (D:10)
  5 jellies
  5 centaur skeletons
  3 draconian simulacra (IceCv)
  5 hounds
  38 orc priests
  3 bullfrog skeletons
  8 iguanas
  21 orc wizards
  11 worker ants
  A spriggan simulacrum (IceCv)
  3 troll simulacra (IceCv)
  A wolf simulacrum (IceCv)
  A hound zombie (D:7)
  A worker ant zombie (D:10)
  Robin (D:4)
  18 adders
  21 gnolls
  5 naga simulacra (IceCv)
  2 ogre simulacra (IceCv)
  2 river rats (Sewer)
  3 shadow imps
  7 white imps
  2 ufetubi (IceCv)
  2 oozes
  3 adder skeletons
  2 worms
  A dart slug (D:1)
  9 leopard geckos
  122 orcs
  15 giant cockroaches
  18 goblins
  8 hobgoblins
  A jackal (shapeshifter) (Vaults:3)
  6 jackals
  7 quokkas
  8 ball pythons
  6 bats
  9 frilled lizards
  2 jackal zombies
  16 kobolds
  A kobold skeleton (Crypt:2)
  A leopard gecko skeleton (D:7)
  7 rats
  A plant (Shoals:2)
  5 tentacles
2062 creatures vanquished.

Vanquished Creatures (collateral kills)
  Asterion (Spider:2)
  A tengu reaver (Vaults:4)
  A fire giant (Vaults:4)
  A stone giant (Vaults:4)
  3 merfolk javelineers (Shoals:4)
  2 yaktaur captains (Vaults:4)
  2 merfolk impalers (Shoals:4)
  An ogre mage (Vaults:4)
  The ghost of 100P the Cleaver, a journeyman DsFi of Qazlal (Orc:1)
  A dancing weapon (Elf:2)
  2 orc high priests (Orc:2)
  A deep elf knight (Vaults:4)
  An ironbrand convoker (Vaults:4)
  2 orc sorcerers
  2 fauns (Shoals:1)
  A water nymph (Shoals:4)
  A hippogriff (Shoals:1)
  4 gnolls (Orc:1)
  2 plants (Shoals:1)
30 creatures vanquished.

Vanquished Creatures (others)
  2 deep elf knights
  A swamp drake (Lair:2)
  A boggart (Vaults:1)
  A crocodile (Lair:2)
  An iguana (Lair:2)
  A goblin (D:4)
  A hobgoblin (D:4)
  A frilled lizard (Lair:2)
  A bush (Lair:6)
  28 fungi
  55 plants
  11 tentacles
  5 withered plants (Crypt:3)
109 creatures vanquished.

Grand Total: 2201 creatures vanquished

Notes
Turn   | Place    | Note
-------+----------+-------------------------------------------
     0 | D:1      | nono the Halfling Berserker began the quest for the Orb.
     0 | D:1      | Reached XP level 1. HP: 15/15 MP: 1/1
    45 | D:1      | Reached XP level 2. HP: 20/20 MP: 2/2
   581 | D:2      | Reached ** piety under Trog
   592 | D:2      | Reached XP level 3. HP: 25/25 MP: 3/3
   704 | D:2      | Found a deep blue altar of Sif Muna.
   830 | D:2      | Reached XP level 4. HP: 30/30 MP: 4/4
  1078 | D:2      | Reached XP level 5. HP: 17/35 MP: 5/5
  1443 | D:3      | Noticed Yoshimo's ghost (amateur TeAE)
  1543 | D:3      | Reached *** piety under Trog
  1804 | D:3      | Reached XP level 6. HP: 39/41 MP: 6/6
  2079 | D:3      | Killed Yoshimo's ghost
  2159 | D:3      | Reached XP level 7. HP: 39/45 MP: 7/7
  2411 | D:3      | Reached skill level 5 in Long Blades
  2504 | D:3      | Reached **** piety under Trog
  2574 | D:3      | Reached skill level 5 in Dodging
  3088 | D:4      | Found a glowing drain.
  3117 | Sewer    | Entered a sewer
  3154 | Sewer    | Reached skill level 5 in Armour
  3734 | D:4      | Noticed Robin
  3744 | D:4      | Killed Robin
  3744 | D:4      | Reached ***** piety under Trog
  4041 | D:4      | Reached XP level 8. HP: 51/51 MP: 8/8
  4704 | D:5      | Entered Level 5 of the Dungeon
  4916 | D:5      | Found a hazy altar of Hepliaklqana.
  5710 | D:5      | Reached XP level 9. HP: 50/55 MP: 9/9
  6121 | D:6      | Found a shimmering altar of Xom.
  6331 | D:6      | Found a staircase to the Ecumenical Temple.
  6561 | D:7      | Noticed Prince Ribbit
  6716 | D:7      | Noticed a hippogriff
  7106 | D:7      | Received a gift from Trog
  7547 | D:7      | Noticed a hippogriff
  7568 | D:7      | Killed a hippogriff
  7789 | D:7      | Reached XP level 10. HP: 61/61 MP: 10/10
  7811 | D:7      | Got a crude leather armour
  7822 | D:7      | Identified the +2 leather armour of the Game of Life {rN+} (You found it on level 7 of the Dungeon)
  7879 | D:7      | Killed Prince Ribbit
  8426 | D:8      | Found a hide-covered altar of Uskayaw.
  8464 | D:8      | Noticed a two-headed ogre
  8479 | D:8      | Killed a two-headed ogre
  8858 | D:8      | Reached ****** piety under Trog
  9399 | D:8      | Reached skill level 10 in Dodging
  9751 | D:9      | Found a staircase to the Lair.
  9848 | D:8      | Reached skill level 10 in Armour
  9848 | D:8      | Reached XP level 11. HP: 30/66 MP: 11/11
 10343 | D:9      | Found a shadowy altar of Dithmenos.
 10513 | D:9      | Reached skill level 10 in Long Blades
 10586 | D:9      | Found a staircase to the Orcish Mines.
 10649 | D:9      | Noticed a two-headed ogre
 10660 | D:9      | Killed a two-headed ogre
 10973 | D:9      | Found a bloodstained altar of Trog.
 10994 | Lair:1   | Entered Level 1 of the Lair of Beasts
 11116 | Lair:1   | Received a gift from Trog
 11649 | Lair:1   | Reached skill level 5 in Fighting
 11862 | Lair:1   | Noticed an eight-headed hydra
 11881 | Lair:1   | Killed an eight-headed hydra
 11881 | Lair:1   | Reached XP level 12. HP: 43/80 MP: 12/12
 12483 | D:9      | Reached skill level 2 in Slings
 13094 | D:8      | Reached skill level 3 in Slings
 13618 | Lair:2   | Reached skill level 4 in Slings
 13637 | Lair:2   | Reached skill level 5 in Slings
 13669 | Lair:2   | Reached skill level 6 in Slings
 13977 | Lair:2   | Noticed Harold
 14000 | Lair:2   | Killed Harold
 14000 | Lair:2   | Reached skill level 8 in Slings
 14132 | Lair:2   | Reached skill level 9 in Slings
 14438 | Lair:2   | Received a gift from Trog
 14747 | Lair:2   | Reached skill level 10 in Slings
 14979 | Lair:2   | Noticed Nergalle
 14989 | Lair:2   | Killed Nergalle
 15025 | Lair:2   | Got a translucent scale mail
 15036 | Lair:2   | Identified the +6 scale mail of the Chupacabra {*Corrode Str+6} (You found it on level 2 of the Lair of Beasts)
 15240 | Lair:3   | Identified a scroll of acquirement
 15298 | Lair:3   | Reached XP level 13. HP: 85/85 MP: 13/13
 15304 | Lair:3   | Reached skill level 11 in Slings
 15480 | Lair:3   | Reached skill level 1 in Shields
 15615 | Lair:3   | Got a translucent dagger
 15617 | Lair:3   | Identified the +10 dagger of the Shallot {pierce, Dex+7 Stlth-} (You found it on level 3 of the Lair of Beasts)
 16314 | Lair:3   | Reached skill level 5 in Shields
 16487 | Lair:3   | Received a gift from Trog
 16493 | Lair:3   | Found a staircase to the Shoals.
 16787 | Lair:4   | Noticed a four-headed hydra
 16802 | Lair:4   | Killed a four-headed hydra
 17315 | Lair:4   | Noticed an eight-headed hydra
 17325 | Lair:4   | Killed an eight-headed hydra
 17573 | Lair:4   | Found a hole to the Spider Nest.
 17922 | Lair:5   | Noticed an eight-headed hydra
 17934 | Lair:5   | Killed an eight-headed hydra
 18003 | Lair:5   | Found a viscous altar of Jiyva.
 18003 | Lair:5   | Found a staircase to the Slime Pits.
 18321 | Lair:5   | Reached skill level 12 in Slings
 18492 | Lair:5   | Noticed an eight-headed hydra
 18505 | Lair:5   | Killed an eight-headed hydra
 18776 | Lair:5   | Received a gift from Trog
 18776 | Lair:5   | Reached XP level 14. HP: 85/90 MP: 14/14
 19123 | Lair:6   | Entered Level 6 of the Lair of Beasts
 20104 | Lair:5   | Reached skill level 13 in Slings
 20469 | Lair:6   | Received a gift from Trog
 20612 | Lair:6   | Got a faintly humming scale mail
 20623 | Lair:6   | Identified the +2 scale mail of the Sky {+Fly Stlth+} (You found it on level 6 of the Lair of Beasts)
 21299 | Lair:6   | Reached XP level 15. HP: 85/96 MP: 15/15
 21374 | Lair:6   | Got a transparent brass ring
 21375 | Lair:6   | Identified the ring of Soupn {*Tele rF- MR- Dex+7 Slay+6} (You found it on level 6 of the Lair of Beasts)
 21941 | Orc:1    | Entered Level 1 of the Orcish Mines
 21949 | Orc:1    | Noticed 100P's ghost (journeyman DsFi)
 21999 | Orc:1    | Paralysed by an orc sorcerer for 7 turns
 22016 | Orc:1    | Killed 100P's ghost
 22023 | Orc:1    | Reached skill level 14 in Slings
 22078 | Orc:1    | Found a bloodstained altar of Trog.
 22131 | Orc:2    | Entered Level 2 of the Orcish Mines
 22131 | Orc:2    | Noticed an orc warlord
 22153 | Orc:1    | Killed an orc warlord
 22478 | Orc:2    | Found a staircase to the Elven Halls.
 22751 | Orc:2    | Received a gift from Trog
 22817 | Orc:2    | Found Gepnikke's Assorted Antiques.
 22824 | Orc:2    | Bought a potion of resistance for 200 gold pieces
 22902 | Orc:2    | Found Kusiklyerr's Gadget Boutique.
 23247 | Orc:2    | Found Damaguru's Distillery.
 23256 | Orc:2    | Found Garaw's Magic Scroll Shoppe.
 23513 | Orc:2    | Bought a scroll of teleportation for 42 gold pieces
 23515 | Orc:2    | Bought a potion of heal wounds for 85 gold pieces
 23582 | Orc:2    | Received a gift from Trog
 23649 | Orc:2    | Got an ichor-stained scimitar {god gift}
 23650 | Orc:2    | Identified the +5 scimitar of the Onslaught {venom, Str-5 Dex+8} (Trog gifted it to you on level 2 of the Orcish Mines)
 24460 | Orc:2    | Found Sekifuk's Antique Weapon Boutique.
 24460 | Orc:2    | Found Zupit's Book Shop.
 24460 | Orc:2    | Found a one-way gate leading to the halls of Pandemonium.
 24474 | Orc:2    | Reached skill level 15 in Slings
 24626 | Orc:2    | Found Desatrast's General Store.
 24828 | Orc:2    | Received a gift from Trog
 24920 | Orc:2    | Bought the +6 scale mail of Eternity {rF+ rN+ Str+3} for 936 gold pieces
 24996 | Orc:2    | Found Ixkuem's Gadget Emporium.
 25026 | Orc:2    | Found Fatzauk's Weapon Emporium.
 25046 | Orc:2    | Noticed Azrael
 25078 | Orc:2    | Killed Azrael
 25700 | D:10     | Entered Level 10 of the Dungeon
 25778 | D:10     | Found Vuqa's Jewellery Shop.
 25850 | D:10     | Found a flagged portal.
 25853 | D:10     | Received a gift from Trog
 25863 | Bailey   | Entered a bailey
 25863 | Bailey   | Noticed bworf's ghost (novice HOGl)
 25884 | Bailey   | Killed bworf's ghost
 26317 | Bailey   | Reached XP level 16. HP: 92/101 MP: 16/16
 26834 | D:11     | Noticed Erica
 26854 | D:11     | Killed Erica
 27554 | D:12     | Noticed Yoshimo's ghost (journeyman MfSu)
 27576 | D:12     | Killed Yoshimo's ghost
 27576 | D:12     | Received a gift from Trog
 27689 | D:12     | Found a labyrinth entrance.
 27711 | Lab      | Entered a labyrinth
 27978 | Lab      | Got a pair of encrusted gloves
 27989 | Lab      | Identified the cursed +0 pair of gloves "Humiudgha" {rN+} (You found it in a labyrinth)
 28395 | D:12     | Found a glowing silver altar of Zin.
 28884 | D:12     | Received a gift from Trog
 29259 | D:13     | Found a gate to the Vaults.
 29700 | D:13     | Received a gift from Trog
 31174 | D:14     | Noticed Rupert
 31199 | D:14     | Killed Rupert
 31481 | D:15     | Entered Level 15 of the Dungeon
 31545 | D:15     | Noticed kidcy's ghost (journeyman FoFi)
 31566 | D:15     | Killed kidcy's ghost
 31623 | D:15     | Reached XP level 17. HP: 93/107 MP: 17/17
 31680 | D:15     | Found a hazy altar of Hepliaklqana.
 31681 | D:15     | Found a deep blue altar of Sif Muna.
 31681 | D:15     | Found an opulent altar of Gozag.
 31806 | D:14     | Reached skill level 15 in Long Blades
 31806 | D:14     | Reached skill level 10 in Shields
 31809 | D:14     | Received a gift from Trog
 32069 | D:15     | Received a gift from Trog
 32148 | D:15     | Noticed a tengu reaver
 32563 | Orc:2    | Bought a +3 demon blade of electrocution for 981 gold pieces
 32761 | Spider:1 | Entered Level 1 of the Spider Nest
 33053 | Spider:1 | Noticed Nikola
 33075 | Spider:1 | Killed Nikola
 33279 | Spider:1 | Received a gift from Trog
 33499 | Spider:1 | Received a gift from Trog
 33724 | Spider:1 | Received a gift from Trog
 34328 | Spider:2 | Noticed Jorgrun
 34358 | Spider:2 | Noticed Louise
 34360 | Spider:2 | Killed Jorgrun
 34522 | Spider:2 | Killed Louise
 34790 | Spider:2 | Noticed Agnes
 34805 | Spider:2 | Killed Agnes
 35343 | Spider:2 | Noticed Asterion
 35354 | Spider:2 | Killed Asterion
 35526 | Spider:3 | Noticed Arachne
 35551 | Spider:2 | Killed Arachne
 35551 | Spider:2 | Reached XP level 18. HP: 112/112 MP: 18/18
 35848 | Spider:3 | Noticed Bai Suzhen
 35875 | Spider:2 | Reached skill level 15 in Shields
 36007 | Spider:3 | Killed Bai Suzhen
 36293 | Spider:4 | Entered Level 4 of the Spider Nest
 36349 | Spider:4 | Got a spiked plate armour
 36351 | Spider:4 | Identified the +7 plate armour "Wyleamel" {Regen+ Str+3 Slay+3} (You found it on level 4 of the Spider Nest)
 36435 | Spider:4 | Received a gift from Trog
 36667 | Spider:4 | Received a gift from Trog
 37678 | Spider:4 | Reached skill level 10 in Fighting
 38163 | Spider:4 | Received a gift from Trog
 38375 | Spider:4 | Reached XP level 19. HP: 94/128 MP: 2/19
 38512 | Spider:4 | Got a gossamer rune of Zot
 38864 | Shoals:1 | Entered Level 1 of the Shoals
 38973 | Shoals:1 | Reached skill level 16 in Slings
 39229 | Shoals:1 | Noticed Donald
 39253 | Shoals:1 | Killed Donald
 39279 | Shoals:1 | Reached skill level 15 in Dodging
 40451 | Shoals:3 | Noticed Aizul
 40460 | Shoals:3 | Killed Aizul
 40569 | Shoals:3 | Reached skill level 15 in Armour
 40880 | Shoals:4 | Entered Level 4 of the Shoals
 41151 | Shoals:4 | Got a barnacled rune of Zot
 41290 | Shoals:4 | Received a gift from Trog
 41361 | Shoals:4 | Reached XP level 20. HP: 100/135 MP: 20/20
 41511 | Shoals:4 | Noticed Ilsuiw
 41560 | Shoals:4 | Reached skill level 17 in Slings
 41568 | Shoals:4 | Killed Ilsuiw
 41826 | Shoals:4 | Received a gift from Trog
 42112 | Shoals:3 | Received a gift from Trog
 42406 | Vaults:1 | Entered Level 1 of the Vaults
 43255 | Vaults:1 | Received a gift from Trog
 43759 | Vaults:1 | Reached XP level 21. HP: 140/140 MP: 21/21
 43776 | Vaults:1 | Reached skill level 18 in Slings
 43844 | Vaults:1 | Received a gift from Trog
 43927 | Vaults:1 | Paralysed by a wizard for 2 turns
 45075 | Vaults:2 | Received a gift from Trog
 46065 | Vaults:2 | Found a staircase to the Crypt.
 46093 | Vaults:2 | Received a gift from Trog
 46119 | Crypt:1  | Entered Level 1 of the Crypt
 46285 | Crypt:2  | Received a gift from Trog
 46320 | Crypt:3  | Entered Level 3 of the Crypt
 46405 | Crypt:3  | Reached skill level 19 in Slings
 46602 | Crypt:3  | Noticed a bone dragon
 46632 | Crypt:3  | Killed a bone dragon
 46632 | Crypt:3  | Reached XP level 22. HP: 115/146 MP: 22/22
 46708 | Crypt:3  | Noticed a profane servitor
 46732 | Crypt:3  | Killed a profane servitor
 46764 | Crypt:3  | Gained mutation: You have a pair of small antennae on your head. [potion of beneficial mutation]
 46789 | Crypt:3  | Got a crude steel amulet
 46790 | Crypt:3  | Identified the amulet of Fedhas's Delight {Inacc *Corrode rPois Int+4 Dex+6} (You found it on level 3 of the Crypt)
 46884 | Crypt:3  | Received a gift from Trog
 47594 | Crypt:3  | Found a basalt altar of Yredelemnul.
 47790 | Crypt:3  | Found a staircase to the Tomb.
 48112 | Vaults:2 | Received a gift from Trog
 48403 | Vaults:3 | Paralysed by a sphinx for 3 turns
 48610 | Vaults:3 | Noticed Jory
 48630 | Vaults:3 | Killed Jory
 49041 | Vaults:3 | Received a gift from Trog
 49085 | Vaults:3 | Reached XP level 23. HP: 152/152 MP: 23/23
 49310 | Vaults:3 | Received a gift from Trog
 49470 | Vaults:3 | Received a gift from Trog
 49768 | Vaults:3 | Reached skill level 1 in Stealth
 49895 | Vaults:4 | Reached skill level 5 in Stealth
 49999 | Vaults:4 | Found a magical portal.
 50032 | WizLab   | Entered The Chambers of the Cloud Mage
 50450 | Vaults:4 | Received a gift from Trog
 50754 | Vaults:4 | Reached skill level 10 in Stealth
 51430 | Vaults:4 | Received a gift from Trog
 51478 | Vaults:4 | Reached skill level 20 in Slings
 51509 | Vaults:4 | Upgraded the game from 0.20-a0-501-g0de2c2e to 0.20-a0-502-g555d78b
 51545 | Vaults:4 | Reached XP level 24. HP: 145/162 MP: 23/23
 51935 | D:10     | Bought the ring of Shaolin {EV+8} for 1792 gold pieces
 52006 | Elf:1    | Entered Level 1 of the Elven Halls
 52642 | Elf:1    | Found a radiant altar of Vehumet.
 52834 | Elf:1    | Received a gift from Trog
 53750 | Elf:2    | Received a gift from Trog
 54038 | Elf:2    | Received a gift from Trog
 54118 | Elf:2    | Found a runed gate.
 54118 | Elf:2    | Found a runed gate.
 54119 | Elf:2    | Found a runed gate.
 54232 | Elf:2    | Received a gift from Trog
 54478 | Elf:2    | Received a gift from Trog
 54762 | Elf:3    | Entered Level 3 of the Elven Halls
 54767 | Elf:3    | Found a frozen archway.
 54783 | IceCv    | Entered an ice cave
 54805 | IceCv    | Received a gift from Trog
 55362 | IceCv    | Identified Sif Muna's Incunabulum of Twisted Snow
 55457 | Elf:3    | Received a gift from Trog
 55530 | Elf:3    | Found Dinik's Assorted Antiques.
 55541 | Elf:3    | Bought a shimmering silver ring for 105 gold pieces
 55545 | Elf:3    | Identified the ring of Royalty {MR+ Str+2 Stlth+} (You bought it in a shop on level 3 of the Elven Halls)
 55550 | Elf:3    | Found Juzuar's Distillery.
 55570 | Elf:3    | Bought a potion of heal wounds for 90 gold pieces
 55570 | Elf:3    | Bought a potion of heal wounds for 90 gold pieces
 55570 | Elf:3    | Bought a potion of heal wounds for 90 gold pieces
 55570 | Elf:3    | Bought a potion of heal wounds for 90 gold pieces
 55570 | Elf:3    | Bought a potion of curing for 54 gold pieces
 55570 | Elf:3    | Bought a potion of curing for 54 gold pieces
 55570 | Elf:3    | Bought a potion of curing for 54 gold pieces
 55570 | Elf:3    | Bought a potion of might for 72 gold pieces
 55570 | Elf:3    | Bought a potion of might for 72 gold pieces
 55747 | Elf:3    | Found Sepp's Magic Scroll Boutique.
 55783 | Elf:3    | Reached skill level 21 in Slings
 55812 | Elf:3    | Received a gift from Trog
 55824 | Elf:3    | Bought a scroll of teleportation for 36 gold pieces
 55912 | Elf:3    | Reached XP level 25. HP: 161/169 MP: 23/23
 55942 | Elf:3    | Found Gis Orub's Book Boutique.
 56269 | Elf:3    | Received a gift from Trog
 56300 | Elf:3    | Killed from afar by a deep elf high priest

Vault maps used:
D:1:      ncdulo_wetmaze
D:2:      lemuel_crystal_altar, minmay_pentomino_q2
D:3:      corexii_shack_village
D:4:      serial_bayou, serial_bayou_shore_b, serial_bayou_pond_a,
          serial_bayou_pond_b, serial_bayou_crossing, serial_bayou_shore_a,
          first_bread, gup_sewer_entry_pipe, uniq_robin
D:5:      nicolae_overflow_crystal_walls
D:6:      lemuel_ice_spiral_2, old_standard_altar
D:7:      minivault_27, uniq_prince_ribbit1
D:8:      old_standard_altar, serial_bayou, serial_bayou_ford_a,
          serial_bayou_pond_d, serial_bayou_pond_d, serial_bayou_pond_d,
          serial_bayou_lagoon_a, grunt_livestock
D:9:      kennysheep_mini, erik_lair_orcish_takeover, orc_0_dummy,
          nicolae_dithmenos_shadow_blocks
D:10:     serial_shops, shop, enter_bailey_3
D:11:     serial_bayou_pond_c, uniq_erica
D:12:     lab_entry_generic, lemuel_oklob_altar
D:13:     grunt_vaults_entry_tiered, serial_ice, serial_ice_a, serial_ice_n,
          serial_ice_l, serial_ice_o
D:14:     kennysheep_cross_room, uniq_rupert
D:15:     hangedman_slaughterboxes
Lair:1:   beast_lair_carwin_large_2, minivault_11, minmay_lair_oklob_chamber
Lair:2:   lemuel_reptile_caves, uniq_nergalle, uniq_harold
Lair:3:   minmay_shoals_entry_lonely_mermaid, lemuel_fruit_tree,
          serial_bayou_shore_b
Lair:4:   spider_nest_entry_web_field, grunt_megastairs_5,
          infiniplex_staircase_pool, serial_bayou_shore_b
Lair:5:   slime_altar_1, ldierk_geyser
Lair:6:   minmay_lair_end_frog_pond
Shoals:1: uniq_donald
Shoals:3: uniq_aizul
Shoals:4: shoals_end_grunt_ice, shoals_ilsuiw_alternative
Spider:1: uniq_nikola
Spider:2: hangedman_spider_tarantella_strand, uniq_asterion, uniq_jorgrun,
          uniq_agnes, uniq_louise
Spider:3: uniq_arachne, uniq_bai_suzhen
Spider:4: grunt_spider_rune_circles, spider_trap, nicolae_arachne_temple
Orc:1:    bloody_trog
Orc:2:    pf_orc_diabolical, serial_shops, nicolae_shop_window_shopping,
          nicolae_shop_waterfront, nicolae_shop_window_shopping, shop_fountains,
          nicolae_shop_statue_plus, uniq_azrael
Elf:1:    basic_altar, evilmike_minifort
Elf:2:    basic_stair_grate_trap
Elf:3:    minmay_elf_hall_furrowed, portal_ice_cave_entry_pillars_1,
          serial_shops, nicolae_shop_waterfront, shop, nicolae_shop_crystal,
          shop, grunt_ministairs_4
Vaults:1: nicolae_vaults_twisting_passages, nicolae_vaults_c_with_doors,
          hangedman_vaults_capsules, vaults_room_hallway, v_alt_pattern_3,
          hangedman_vaults_stagger, v_misc_8, dpeg_vaults_monster_box,
          v_misc_33, hangedman_vaults_pinch
Vaults:2: v_misc_33, hangedman_vaults_slither, v_pattern_2,
          ontoclasm_vaults_spin, minmay_crypt_entry_skeletal_spiral,
          vaults_room_corners, ontoclasm_vaults_chip,
          nicolae_vaults_little_squares_1
Vaults:3: vaults_room_door_hall, nicolae_vaults_specimen_jars, v_misc_25,
          ontoclasm_vaults_gateway, nicolae_vaults_windows_and_doors_thing,
          nicolae_vaults_network_periphery, hangedman_vaults_stretched_pinwheel,
          ontoclasm_vaults_decontamination, vaults_room_grunt_arrival_ludios,
          nicolae_vaults_octagons, nicolae_vaults_ring_of_whatevers, v_misc_14,
          uniq_jory
Vaults:4: st_cells, ontoclasm_vaults_tryst, v_misc_2, v_misc_18, v_misc_18,
          hangedman_vaults_slice, hangedman_vaults_unwind,
          vaults_room_fancy_cross, ontoclasm_vaults_misaligned, v_rooms_1,
          grunt_vaults_hallway_long, lightli_enter_wizlab_magi_temple
Crypt:2:  uniq_khufu
Crypt:3:  evilmike_haunted_forest
Lab:      labyrinth_mini_lab, nicolae_lab_grate
Sewer:    sewer_co_15_rooms
Bailey:   bailey_polearm_2, bailey
IceCv:    ice_cave_caverns_03
WizLab:   wizlab_cloud

Skill      XL: |  1  2  3  4  5  6  7  8  9 10 11 12 13 14 15 16 17 18 19 20 21 22 23 24 |
---------------+-------------------------------------------------------------------------+-----
Dodging        | 3 4 5 7 8 10 11 12 13 14 15 16 17 18 | 18.4
Armour         | 3 4 5 6 8 10 11 12 13 14 15 16 17 18 | 18.2
Long Blades    | 4 5 6 8 9 10 11 12 13 14 15 16 17 18 | 18.2
Fighting       | 6 11 12 13 | 13.1
Slings         | 10 12 13 15 16 17 19 20 21 | 21.1
Shields        | 6 9 14 15 16 17 18 19 | 19.3
Stealth        | 10 | 10.5

Action                   |  1- 3 |  4- 6 |  7- 9 | 10-12 | 13-15 | 16-18 | 19-21 | 22-24 | 25-27 || total
-------------------------+-------+-------+-------+-------+-------+-------+-------+-------+-------++-------
Melee: Falchion          |    82 |   117 |   295 |       |       |       |       |       |       ||   494
       Dagger            |       |       |   362 |   375 |  1122 |       |       |       |       ||  1859
       Long sword        |       |       |    47 |    79 |       |       |       |       |       ||   126
       Scimitar          |       |       |       |   470 |   297 |   695 |       |       |       ||  1462
       Demon blade       |       |       |       |       |       |   905 |  1945 |  2164 |    66 ||  5080
 Fire: Fustibalus        |       |       |       |    21 |   515 |   302 |    58 |    53 |       ||   949
Throw: Stone             |       |       |       |       |     5 |     3 |       |       |       ||     8
Invok: Burn Spellbooks   |     1 |       |       |     1 |     1 |     5 |     7 |     6 |       ||    21
       Berserk           |       |     5 |     3 |    13 |     5 |     6 |     4 |     2 |       ||    38
       Trog's Hand       |       |       |       |     1 |    14 |    14 |    15 |    20 |     2 ||    66
       Brothers in Arms  |       |       |       |       |     2 |     2 |     3 |     2 |     1 ||    10
 Abil: Evoke Flight      |       |       |       |       |     2 |     1 |       |       |       ||     3
Evoke: Wand              |       |       |     1 |     1 |     1 |       |     2 |     3 |       ||     8
       Phial of floods   |       |       |       |       |       |       |       |       |     1 ||     1
  Use: Scroll            |       |       |     3 |    16 |    12 |    11 |     1 |     7 |     2 ||    52
       Potion            |       |       |       |     4 |     7 |     4 |       |     4 |     6 ||    25
 Stab: Sleeping          |     1 |       |       |       |       |       |       |    10 |     1 ||    12
       Invisible         |       |       |       |     5 |       |       |       |       |       ||     5
       Fleeing           |       |       |       |       |     1 |       |       |       |       ||     1
  Eat: Chunk             |       |     9 |    21 |    35 |    35 |    40 |    35 |    29 |     2 ||   206
       Fruit             |       |       |     4 |       |     8 |     4 |     2 |     2 |       ||    20
       Pizza             |       |       |     1 |     1 |     2 |     4 |     2 |     7 |       ||    17
       Royal jelly       |       |       |       |       |     1 |     1 |       |     1 |       ||     3
Armor: Chain mail        |    44 |    73 |   248 |   309 |       |       |       |       |       ||   674
       Animal skin       |     2 |       |       |       |       |       |       |       |       ||     2
       Scale mail        |       |       |       |    23 |   209 |   126 |    68 |   184 |     8 ||   618
       Plate armour      |       |       |       |       |       |   397 |   244 |    76 |       ||   717
Dodge: Dodged            |    72 |    99 |   416 |   750 |   846 |  1080 |   695 |   888 |    35 ||  4881
Block: Buckler           |       |       |       |       |   434 |   115 |       |       |       ||   549
       Shield            |       |       |       |       |       |   871 |  1040 |  1131 |    46 ||  3088
       Rpst.: Falchion   |    21 |    29 |    65 |       |       |       |       |       |       ||   115
       Long sword        |       |       |    15 |    10 |       |       |       |       |       ||    25
       Scimitar          |       |       |       |   132 |    48 |   137 |       |       |       ||   317
       Demon blade       |       |       |       |       |       |    76 |   124 |   166 |     8 ||   374
